 Dungeon Crawl Stone Soup version 0.21.1-1-g345015fe64 (webtiles) character file.

1087 LevaFresel the Chopper (level 8, 0/62 HPs)
             Began as a Human Fighter on June 25, 2018.
             Succumbed to a worker ant's poison
             ... on level 5 of the Dungeon.
             The game lasted 00:14:20 (4679 turns).

LevaFresel the Chopper (Human Fighter)              Turns: 4679, Time: 00:14:20

Health: 0/62       AC:  9    Str: 18    XL:     8   Next: 56%
Magic:  9/9        EV:  5    Int:  9    God:
Gold:   283        SH: 10    Dex: 13    Spells: 7/7 levels left

rFire    . . .     SeeInvis .   a - +0 war axe
rCold    . . .     Gourm    .   c - +0 shield
rNeg     . . .     Faith    .   r - +0 chain mail
rPois    .         Spirit   .   (no helmet)
rElec    .         Reflect  .   (no cloak)
rCorr    .         Harm     .   (no gloves)
MR       +....                  (no boots)
Stlth    ..........             (no amulet)
HPRegen  0.20/turn              e - ring of protection from magic
MPRegen  0.11/turn              (no ring)

@: lethally poisoned (0 -> -19)
A: no striking features
a: no special abilities


You were on level 5 of the Dungeon.
You were hungry.

You visited 1 branch of the dungeon, and saw 5 of its levels.

You collected 283 gold pieces.

Inventory:

Hand Weapons
 a - a +0 war axe (weapon)
 d - a +0 whip of electrocution
Missiles
 p - 6 poisoned javelins (quivered)
 w - 2 throwing nets
Armour
 b - a +0 scale mail
 c - a +0 shield (worn)
 o - a +0 plate armour
 r - a +0 chain mail (worn)
Jewellery
 e - a ring of protection from magic (left hand)
Wands
 s - a wand of acid (3)
 y - a wand of disintegration (13)
 z - a wand of iceblast (8)
Scrolls
 g - 3 scrolls of amnesia
 m - a scroll of teleportation {unknown}
 q - 5 scrolls of remove curse
 t - 2 scrolls of identify
 x - a scroll of fear {unknown}
Potions
 h - 3 potions of heal wounds {unknown}
 i - 2 potions of degeneration {unknown}
 j - 2 potions of berserk rage {unknown}
 k - 2 potions of ambrosia {unknown}
 l - 3 potions of lignification {unknown}
 n - 2 potions of curing {unknown}
 v - a potion of magic {unknown}
Comestibles
 f - 10 rations


   Skills:
 + Level 5.0 Fighting
 * Level 6.1 Axes
 + Level 5.0 Armour
 + Level 5.1 Shields
 + Level 2.2 Evocations


You had 7 spell levels left.
You didn't know any spells.

Dungeon Overview and Level Annotations

Branches:
Dungeon (5/15)
 Temple: D:4-7

Altars:
Nemelex Xobeh
Qazlal
Wu Jian
Xom
Yredelemnul


Message History

* * * LOW HITPOINT WARNING * * *
You feel sick.
The worker ant bites you but does no damage.
The worker ant bites you.
* * * LOW HITPOINT WARNING * * *
You are more poisoned.
The worker ant poisons you!
You barely miss the worker ant.
The worker ant is almost dead.
* * * LOW HITPOINT WARNING * * *
You feel very sick. The worker ant barely misses you.
You block the worker ant's attack.
Your shield and chain mail prevent you from hitting the worker ant.
The worker ant is almost dead.
* * * LOW HITPOINT WARNING * * *
You feel sick. The worker ant barely misses you.
You slash the worker ant!
You kill the worker ant!
Your Armour skill increases to level 5!
You die...

###.##...#####.## ###.###
###.##............# #......
..........####.##.# #.#.###
#.#######†# #.# #.#.... #.# #.#
#.# #.#.### #.# #.# # #.# #.#....
#.# #.# #.##.## #.##### #.# #.#
#.#...########.# #.#
#.####..@#..........#####
#.#######......#...########......
..........######(..<........#####
....#.###...# #)##.#########
###.##.##.#.# #.##.# #
#.###...#.# #.##.#
###.##.##.#.####.##.#
....#............##.#
####.#####.########.#


There were no monsters in sight!

Vanquished Creatures
  Pikel (D:4)
  An ice beast (D:5)
  A centaur (D:5)
  A howler monkey (D:5)
  2 hounds
  2 orc wizards (D:3)
  An iguana (D:4)
  4 worker ants
  6 adders
  4 gnolls (D:4)
  A shadow imp (D:4)
  An ooze (D:4)
  2 worms
  A dart slug (D:3)
  2 leopard geckos (D:5)
  9 orcs
  7 giant cockroaches
  6 goblins
  6 hobgoblins
  3 jackals (D:2)
  7 kobolds
  A quokka (D:5)
  6 bats
  A frilled lizard (D:3)
  A quokka zombie (D:5)
  5 rats
82 creatures vanquished.

Notes
Turn   | Place    | Note
-------+----------+-------------------------------------------
     0 | D:1      | LevaFresel the Human Fighter began the quest for the Orb.
     0 | D:1      | Reached XP level 1. HP: 18/18 MP: 1/1
   332 | D:1      | Reached XP level 2. HP: 24/24 MP: 2/2
   806 | D:2      | Reached XP level 3. HP: 26/29 MP: 3/3
   909 | D:2      | Found a shimmering altar of Xom.
   919 | D:2      | Found a stormy altar of Qazlal.
   964 | D:2      | Found a faded altar of an unknown god.
  1162 | D:2      | Reached XP level 4. HP: 35/35 MP: 4/4
  1225 | D:2      | Reached skill level 3 in Axes
  1474 | D:3      | Reached XP level 5. HP: 20/41 MP: 5/5
  1715 | D:3      | Found a sparkling altar of Nemelex Xobeh.
  2165 | D:3      | Found an ornate altar of the Wu Jian Council.
  2381 | D:4      | Reached skill level 4 in Axes
  2381 | D:4      | Reached XP level 6. HP: 38/48 MP: 6/6
  3060 | D:4      | Found a basalt altar of Yredelemnul.
  3250 | D:5      | Entered Level 5 of the Dungeon
  3266 | D:5      | Noticed an ice beast
  3276 | D:5      | Killed an ice beast
  3276 | D:5      | Reached XP level 7. HP: 29/54 MP: 7/7
  3638 | D:5      | Reached skill level 5 in Axes
  3830 | D:5      | Reached skill level 1 in Evocations
  3855 | D:5      | Noticed Pikel
  3915 | D:4      | HP: 2/55 [slave[Pikel] (5)]
  4209 | D:4      | Killed Pikel
  4209 | D:4      | Reached skill level 5 in Fighting
  4209 | D:4      | Reached skill level 6 in Axes
  4209 | D:4      | Reached skill level 5 in Shields
  4209 | D:4      | Reached XP level 8. HP: 10/62 MP: 7/9
  4677 | D:5      | HP: 3/62 [poisoned by a worker ant]
  4678 | D:5      | HP: 1/62 [poisoned by a worker ant]
  4679 | D:5      | Reached skill level 5 in Armour
  4679 | D:5      | Succumbed to a worker ant's poison

Skill      XL: |  1  2  3  4  5  6  7  8 |
---------------+-------------------------+-----
Axes           | 3 4 6 |  6.1
Fighting       | 4 5 |  5.0
Shields        | 4 5 |  5.1
Armour         | 4 5 |  5.0
Evocations     | 2 |  2.2

Action                   |  1- 3 |  4- 6 |  7- 9 || total
-------------------------+-------+-------+-------++-------
Melee: War axe           |    69 |   179 |   109 ||   357
Evoke: Wand              |       |     1 |     1 ||     2
  Use: Scroll            |     5 |       |     1 ||     6
       Potion            |       |       |     1 ||     1
  Eat: Chunk             |       |     4 |     1 ||     5
       Ration            |       |     1 |     1 ||     2
Armor: Scale mail        |    25 |     2 |       ||    27
       Chain mail        |       |   105 |    59 ||   164
Dodge: Dodged            |    22 |    33 |    24 ||    79
Block: Shield            |    50 |    88 |    50 ||   188
